 Seeded DCSS version 0.28-a0-1613-gdaab1c2f9b (webtiles) character file.

Game seed: 11 (custom seed)

628 knot the Chopper (level 7, -12/52 HPs)
             Began as a Demonspawn Berserker on Jan 22, 2022.
             Was a Believer of Trog.
             Shot with an arrow by a centaur (13 damage)
             ... on level 5 of the Dungeon.
             The game lasted 00:05:05 (6074 turns).

knot the Chopper (Demonspawn Berserker)             Turns: 6074, Time: 00:05:05

Health: -12/52     AC:  3    Str: 17    XL:     7   Next: 23%
Magic:  7/7        EV: 12    Int: 11    God:    Trog [**....]
Gold:   200        SH:  0    Dex: 12    Spells: 6/6 levels left

rFire   . . .      SeeInvis .   a - +0 hand axe
rCold   . . .      Faith    .   (no shield)
rNeg    . . .      Spirit   .   b - +0 animal skin
rPois   .          Reflect  .   (no helmet)
rElec   .          Harm     .   (no cloak)
rCorr   .          Rampage  .   (no gloves)
Will    .....                   v - +0 pair of boots
Stlth   +.........              (no amulet)
HPRegen 0.17/turn               (no ring)
MPRegen 0.10/turn               (no ring)

@: no status effects
A: powered by death 2, sturdy frame 1, weakness stinger 1
a: Renounce Religion, Berserk, Trog's Hand


You were on level 5 of the Dungeon.
You worshipped Trog.
Trog was pleased with you.
You visited 1 branch of the dungeon, and saw 5 of its levels.
You also visited: Sewer.

You collected 200 gold pieces.

Inventory:

Hand Weapons
 a - a +0 hand axe (weapon)
Missiles
 d - 52 stones
 e - 8 boomerangs (quivered)
 q - 2 atropa-tipped darts
Armour
 b - a +0 animal skin (worn)
 v - a +0 pair of boots (worn)
Jewellery
 w - an amulet of magic regeneration
Scrolls
 g - 8 scrolls of identify {unknown}
 k - a scroll of enchant weapon {unknown}
 l - a scroll of fog {unknown}
 o - a scroll of summoning {unknown}
 p - 3 scrolls of teleportation {unknown}
 t - a scroll of fear {unknown}
Potions
 c - 3 potions of brilliance {unknown}
 f - a potion of curing {unknown}
 h - 3 potions of mutation {unknown}
 i - 2 potions of lignification {unknown}
 j - a potion of attraction {unknown}
 m - 2 potions of magic {unknown}
 n - 4 potions of degeneration {unknown}
 r - 2 potions of cancellation {unknown}
 s - a potion of berserk rage {unknown}
 u - a potion of flight {unknown}
 x - a potion of invisibility {unknown}


   Skills:
 - Level 3.0 Fighting
 * Level 7.5 Axes
 * Level 1.3 Throwing
 - Level 1.7 Armour
 - Level 1.7 Dodging


You had 6 spell levels left.
You didn't know any spells.
Your spell library contained the following spells:

 Spells                   Type           Power      Damage    Failure   Level
 Blink                    Tloc           0%         N/A       47%         2
 Manifold Assault         Tloc           0%         N/A       100%        5
 Storm Form               Tmut/Air       0%         N/A       100%        7


Dungeon Overview and Level Annotations

Branches:
Dungeon (5/15)              Sewer (visited)
 Temple: D:4-7

Altars:
Ashenzari
Cheibriados
Dithmenos
Elyvilon
Makhleb
Ru
Trog
Vehumet
Yredelemnul


Innate Abilities, Weirdness & Mutations

You regenerate health from kills.
Your movements are slightly less encumbered by armour. (ER -2)
You have a small tail.


Message History

You feel a strong urge to attack something.
You start resting.
You feel your anger nearly subside.
You are no longer berserk.
You are exhausted.
You feel yourself slow down.
You start resting.
You feel yourself speed up.
You start resting.
You recover from your berserk rage.
You start resting.
HP restored.
d - 51 stones (gained 1)
d - 52 stones (gained 1)
You now have 200 gold pieces (gained 12).
An ogre comes into view. It is wielding a +0 giant spiked club.
Found 20 stones.
The ogre shouts!
Throw: 8 boomerangs
Press: ? - help, Q - select action, (/) - cycle Shift-Dir - straight line, f - ogre
Aim: an ogre, wielding a +0 giant spiked club (73% to hit)
You throw a boomerang. The boomerang hits the ogre.
The ogre is lightly wounded.
Unknown command.
Found 10 gold pieces.
Found a stone staircase leading down.
A centaur comes into view.
The centaur shouts!
The centaur wields a +0 shortbow.
The centaur shoots an arrow.
The arrow hits you!
The centaur shoots an arrow.
The arrow hits you!
The centaur shoots an arrow.
The arrow hits you!
You hear an angry hiss.
The centaur shoots an arrow.
The arrow hits you!
An adder comes into view.
The centaur shoots an arrow.
The arrow hits you!
* * * LOW HITPOINT WARNING * * *
An adder comes into view.
The centaur shoots an arrow.
The arrow hits you!
* * * LOW HITPOINT WARNING * * *
The centaur shoots an arrow.
The arrow hits you!
You die...

........<†..###. . ..#
S........#.....# .# ..
#.........###...###... #.
#.........# ##.....#.. #. ..#
#...S.....# #..#...# # #.
##..##...#.....####.....##.# #.
.....$.>..c..........#...##.####.
..(...........................#..
.............O..@<..####..###....
....................####.## ##..#
...............###.......# #.##
#..............#..##...#####.##
##...............##......#....#
..##.........####..#.........##..
..............# #......##...## #.
..##.#......#####....####...# # #
##....####.......##..#.# #


You could see an ogre, a centaur and an adder.

Vanquished Creatures
  Eustachio (D:4)
  An ogre (D:5)
  A phantom (D:4)
  A scorpion (D:4)
  A hound (D:5)
  A bullfrog skeleton (D:4)
  An iguana (D:4)
  4 gnolls (D:4)
  An adder (D:2)
  7 river rats
  A worm (D:2)
  A dart slug (D:3)
  An orc (D:3)
  6 endoplasms
  4 giant cockroaches
  4 goblins
  3 hobgoblins
  4 jackals
  2 quokkas
  11 ball pythons
  8 bats
  5 frilled lizards
  7 kobolds
  16 rats
92 creatures vanquished.

Notes
Turn   | Place    | Note
-------+----------+-------------------------------------------
     0 | D:1      | knot the Demonspawn Berserker began the quest for the Orb.
     0 | D:1      | Reached XP level 1. HP: 18/18 MP: 1/1
    64 | D:1      | Reached skill level 3 in Axes
   135 | D:1      | Gained mutation: You regenerate a little health from kills.
                  | [demonic ancestry]
   135 | D:1      | Reached XP level 2. HP: 24/24 MP: 2/2
   340 | D:1      | You fall into a shaft and drop 1 floor!
   973 | D:2      | Gained mutation: Your movements are slightly less
                  | encumbered by armour. (ER -2) [demonic ancestry]
   973 | D:2      | Reached XP level 3. HP: 23/29 MP: 3/3
  1267 | D:1      | Found a faded altar of an unknown god.
  1277 | D:1      | Reached skill level 4 in Axes
  1332 | D:1      | Reached ** piety under Trog
  1921 | D:3      | Found a glowing drain.
  1937 | D:3      | Reached XP level 4. HP: 30/35 MP: 4/4
  1989 | Sewer    | Entered a sewer
  2234 | Sewer    | Reached skill level 5 in Axes
  2688 | Sewer    | Reached XP level 5. HP: 16/41 MP: 5/5
  3739 | D:3      | Found a shadowy altar of Dithmenos.
  3742 | D:3      | Found a bloodstained altar of Trog.
  3743 | D:3      | Found a basalt altar of Yredelemnul.
  3743 | D:3      | Found a radiant altar of Vehumet.
  3743 | D:3      | Found a burning altar of Makhleb.
  3745 | D:3      | Found a broken altar of Ashenzari.
  3746 | D:3      | Found a snail-covered altar of Cheibriados.
  3748 | D:3      | Found a sacrificial altar of Ru.
  4210 | D:4      | Reached skill level 6 in Axes
  4210 | D:4      | Gained mutation: You have a small tail. [demonic ancestry]
  4210 | D:4      | Reached XP level 6. HP: 47/47 MP: 6/6
  5125 | D:4      | Noticed Eustachio
  5134 | D:4      | Killed Eustachio
  5135 | D:4      | Reached skill level 7 in Axes
  5289 | D:4      | Gained mutation: You regenerate health from kills. [demonic
                  | ancestry]
  5289 | D:4      | Reached XP level 7. HP: 52/52 MP: 7/7
  5840 | D:5      | Entered Level 5 of the Dungeon
  5934 | D:5      | Reached skill level 1 in Throwing
  6074 | D:5      | HP: 1/52 [centaur/arrow (8)]
  6074 | D:5      | Shot with an arrow by a centaur

Illustrated notes

Levels and vault maps discovered:
D:1:      minmay_arrival_nine_rooms, layout_rooms, basic_ecumenical_altar
D:2:      layout_basic
D:3:      layout_loops_ring, minitemple, portal_sewer_entry_b,
          lemuel_old_faithful
D:4:      layout_basic, uniq_eustachio
D:5:      layout_layer_cave, minivault_24

Skill      XL: |  1  2  3  4  5  6  7 |
---------------+----------------------+-----
Axes           | 3 4 5 6 7 |  7.5
Throwing       | 1 |  1.3
Fighting       | |  3.0
Armour         | |  1.7
Dodging        | |  1.7

Action                   |  1- 3 |  4- 6 |  7- 9 || total
-------------------------+-------+-------+-------++-------
Melee: Hand axe          |   113 |   158 |     8 ||   279
       Punch             |     1 |     2 |       ||     3
       Tailslap          |       |     7 |     3 ||    10
Throw: Stone             |       |     1 |     7 ||     8
       Boomerang         |       |       |     1 ||     1
Invok: Berserk           |     6 |     9 |     1 ||    16
 Stab: Sleeping          |     1 |     2 |     1 ||     4
Armor: Animal skin       |    24 |    19 |       ||    43
Dodge: Dodged            |    87 |    84 |     2 ||   173

Table legend: (Time is in decaauts)
 A = Elapsed time spent in this place.
 B = Non-inter-level travel time spent in this place.
 C = Inter-level travel time spent in this place.
 D = Time resting spent in this place.
 E = Time spent auto-exploring this place.
 F = Levels seen in this place.
 G = Mean time per level.
                   A        B        C        D        E       F      G
               +--------+--------+--------+--------+--------+-----+--------+
         Total |   6289 |   6166 |    123 |   2203 |   3193 |   6 | 1048.2 |
       Dungeon |   4982 |   4859 |    123 |   1611 |   2706 |   5 |  996.4 |
         Sewer |   1306 |   1306 |      0 |    591 |    487 |   1 | 1306.0 |
               +--------+--------+--------+--------+--------+-----+--------+

Top non-repeatable levels by time:
     D:4: 1844 daAuts
   Sewer: 1306 daAuts
     D:2: 1159 daAuts
     D:3: 939 daAuts
     D:1: 790 daAuts
     D:5: 249 daAuts
